 Dungeon Crawl Stone Soup version 0.29-a0-474-gdfe5cd140f (webtiles) character file.

Game seed: 1310344840258936971

147 Infinimo the Cudgeller (level 5, 0/41 HPs)
             Began as a Demonspawn Gladiator on May 24, 2022.
             Succumbed to an orc's poison
             ... on level 3 of the Dungeon.
             The game lasted 00:01:58 (1942 turns).

Infinimo the Cudgeller (Demonspawn Gladiator)       Turns: 1942, Time: 00:01:59

Health: 0/41       AC:  6    Str: 15    XL:     5   Next: 8%
Magic:  5/5        EV: 12    Int: 11    God:
Gold:   63         SH:  0    Dex: 14    Spells: 4/4 levels left

rFire   . . .      SeeInvis +   a - +0 flail
rCold   . . .      Faith    .   (no shield)
rNeg    . . .      Spirit   .   b - +0 leather armour
rPois   .          Reflect  .   n - +0 helmet {SInv}
rElec   .          Harm     .   (no cloak)
rCorr   .          Rampage  .   (no gloves)
Will    .....                   (no boots)
Stlth   +.........              (no amulet)
HPRegen 0.13/turn               (no ring)
MPRegen 0.09/turn               (no ring)

@: lethally poisoned (0 -> -23), attractive
A: thin metallic scales 1, powered by death 2
a: no special abilities


You were on level 3 of the Dungeon.
You visited 1 branch of the dungeon, and saw 3 of its levels.

You collected 63 gold pieces.

Inventory:

Hand Weapons
 a - a +0 flail (weapon)
Missiles
 d - 3 throwing nets (quivered)
 e - a javelin
Armour
 b - a +0 leather armour (worn)
 n - a +0 helmet of see invisible (worn)
Jewellery
 r - an amulet of reflection
Scrolls
 f - a scroll of noise {unknown}
 h - 2 scrolls of amnesia {unknown}
 i - 2 scrolls of fog {unknown}
 k - a scroll of blinking {unknown}
 l - a scroll of summoning {unknown}
 p - a scroll of silence {unknown}
 q - a scroll of teleportation {unknown}
 s - 2 scrolls of identify {unknown}
 t - a scroll of fear {unknown}
Potions
 g - a potion of cancellation
 j - a potion of attraction
 m - a potion of berserk rage {unknown}
 o - a potion of curing
 u - a potion of resistance {unknown}


   Skills:
 + Level 3.1 Fighting
 * Level 4.2 Maces & Flails
 - Level 1.7 Throwing
 + Level 3.4 Dodging


You had 4 spell levels left.
You didn't know any spells.
Your spell library was empty.

Dungeon Overview and Level Annotations

Branches:
Dungeon (3/15)

Altars:


Innate Abilities, Weirdness & Mutations

You are partially covered in thin metallic scales. (AC +2)
You regenerate health from kills.


Message History

You are too injured to fight recklessly!
You are too injured to fight recklessly!
You are too injured to fight recklessly!
You are too injured to fight recklessly!
You are too injured to fight recklessly!
You are too injured to fight recklessly!
You are too injured to fight recklessly!
You are too injured to fight recklessly!
You are too injured to fight recklessly!
You are too injured to fight recklessly!
You are too injured to fight recklessly!
You feel very sick.
Okay, then.
Okay, then.
It was a potion of cancellation.
You feel magically purged.
* * * LOW HITPOINT WARNING * * *
You feel very sick.
It was a potion of attraction.
You feel attractive to monsters.
* * * LOW HITPOINT WARNING * * *
You feel sick.
The orc hits you from afar with a +2 trident of venom.
* * * LOW HITPOINT WARNING * * *
You are more poisoned.
The orc is attracted toward you. x2
It was a potion of magic.
Magic courses through your body.
* * * LOW HITPOINT WARNING * * *
You feel very sick.
It was a potion of curing.
You feel better.
The orc hits you with a +2 trident of venom.
* * * LOW HITPOINT WARNING * * *
You are lethally poisoned!
The orc attacks as you move away!
The orc hits you with a +2 trident of venom.
* * * LOW HITPOINT WARNING * * *
You are more poisoned.
You die...

#.#<....# #.### ######.########
#.... .....#.# #...######## #....
####.#.####.#.##.....#########...
..........................>......
####.#........##.###.####....####
≈....###########.###.####....#
###..# ....................###
.... #######@..............#
###..# #...................#.#
...... ..###.#.#o########.##.#
...... ...#.#o# #.##.# ... #.#
#.#.. #..#.# ... #. #.#.## ##.#.#
... # ..#.# #.#.# ... ###.# #.#.#
... ..# #.#.#


You could see 2 orcs.

Vanquished Creatures
  A scorpion (D:3)
  Terence (D:3)
  An adder (D:2)
  A worm (D:1)
  2 dart slugs (D:3)
  2 orcs (D:3)
  4 endoplasms
  3 giant cockroaches
  A goblin (D:1)
  8 hobgoblins
  2 jackals (D:1)
  5 kobolds
  2 quokkas
  4 ball pythons
  3 bats
  3 frilled lizards
  4 rats
47 creatures vanquished.

Notes
Turn   | Place    | Note
-------+----------+-------------------------------------------
     0 | D:1      | Infinimo the Demonspawn Gladiator began the quest for the
                  | Orb.
     0 | D:1      | Reached XP level 1. HP: 16/16 MP: 1/1
   135 | D:1      | Reached skill level 3 in Maces & Flails
   138 | D:1      | Gained mutation: You are partially covered in thin metallic
                  | scales. (AC +2) [demonic ancestry]
   138 | D:1      | Reached XP level 2. HP: 16/22 MP: 2/2
   753 | D:2      | Reached XP level 3. HP: 21/28 MP: 3/3
  1340 | D:2      | Found a faded altar of an unknown god.
  1662 | D:3      | Noticed Terence
  1668 | D:3      | Killed Terence
  1669 | D:3      | Gained mutation: You regenerate a little health from kills.
                  | [demonic ancestry]
  1669 | D:3      | Reached XP level 4. HP: 23/34 MP: 4/4
  1794 | D:3      | Noticed a scorpion
  1799 | D:3      | Killed a scorpion
  1800 | D:3      | Reached skill level 4 in Maces & Flails
  1820 | D:3      | Gained mutation: You regenerate health from kills. [demonic
                  | ancestry]
  1820 | D:3      | Reached XP level 5. HP: 39/41 MP: 5/5
  1942 | D:3      | Succumbed to an orc's poison

Illustrated notes

Levels and vault maps discovered:
D:1:      ebering_trefoil_twist, layout_loops_ring
D:2:      layout_rooms, shapermc_ecumenical_altar_mp_highgroup,
          minmay_tetromino_s4
D:3:      minmay_chambers_of_twos, layout_basic, tgw_xom, elyvilon_altar_4,
          chequers_serial_rivers_small_a, dreamdust_mushroom_princess,
          kennysheep_generic_room_11, uniq_terence

Skill      XL: |  1  2  3  4 |
---------------+-------------+-----
Maces & Flails | 3 4 |  4.2
Dodging        | 3 |  3.4
Fighting       | 3 |  3.1
Throwing       | |  1.7

Action                   |  1- 3 |  4- 6 || total
-------------------------+-------+-------++-------
Melee: Flail             |    88 |    30 ||   118
       Punch             |     1 |     3 ||     4
  Use: Potion            |       |     4 ||     4
 Stab: Sleeping          |     1 |       ||     1
Armor: Leather armour    |    33 |     9 ||    42
Dodge: Dodged            |    56 |    28 ||    84

Table legend: (Time is in decaauts)
 A = Elapsed time spent in this place.
 B = Non-inter-level travel time spent in this place.
 C = Inter-level travel time spent in this place.
 D = Time resting spent in this place.
 E = Time spent auto-exploring this place.
 F = Levels seen in this place.
 G = Mean time per level.
                   A        B        C        D        E       F      G
               +--------+--------+--------+--------+--------+-----+--------+
         Total |   1970 |   1941 |     29 |      0 |   1668 |   3 |  656.7 |
       Dungeon |   1970 |   1941 |     29 |      0 |   1668 |   3 |  656.7 |
               +--------+--------+--------+--------+--------+-----+--------+

Top non-repeatable levels by time:
     D:1: 944 daAuts
     D:2: 644 daAuts
     D:3: 381 daAuts
